 Dungeon Crawl Stone Soup version 0.17-a0-1763-g847a857 (webtiles) character file.

7371 orochimarko the Cleaver (level 11, -6/97 HPs)
             Began as a Hill Orc Gladiator on Sept 2, 2015.
             Was a High Priest of Okawaru.
             Mangled by a seven-headed hydra (11 damage)
             ... on level 10 of the Dungeon on Sept 4, 2015.
             The game lasted 02:15:14 (11750 turns).

orochimarko the Cleaver (Hill Orc Gladiator)       Turns: 11750, Time: 02:15:15

Health: -6/97      AC: 19    Str: 22    XL:     11   Next: 14%
Magic:  12/12      EV:  9    Int: 10    God:    Okawaru [*****.]
Gold:   578        SH:  0    Dex: 11    Spells: 0 memorised, 10 levels left

rFire  . . .     SeeInvis .     b - +2 executioner's axe (chop)
rCold  . . .     Clarity  .     s - +1 plate armour
rNeg   . . .     SustAt   .     (no shield)
rPois  .         Gourm    +     c - +0 helmet
rElec  .         Spirit   .     M - +0 cloak
rCorr  .         Warding  .     (no gloves)
rMut   .         Stasis   .     W - +0 pair of boots
MR     +....                    S - amulet of the gourmand
Stlth  ..........               V - ring of protection from magic
                                f - +2 ring of intelligence

@: somewhat resistant to hostile enchantments, extremely unstealthy
A: no striking features
a: Heroism, Finesse, Renounce Religion


You were on level 10 of the Dungeon.
You worshipped Okawaru.
Okawaru was extremely pleased with you.
You were full.

You visited 2 branches of the dungeon, and saw 12 of its levels.

You collected 578 gold pieces.

Inventory:

Hand weapons
 a - a +0 war axe
 b - a +2 executioner's axe of chopping (weapon)
Missiles
 h - 36 poisoned needles
 j - 3 throwing nets (quivered)
 F - 4 curare-tipped needles
 L - 7 tomahawks
Armour
 c - a +0 helmet (worn)
 s - a +1 plate armour (worn)
 M - a +0 cloak (worn)
 O - a +0 ring mail of fire resistance
 Q - a +1 ring mail of poison resistance
 W - a +0 pair of boots (worn)
Jewellery
 f - a +2 ring of intelligence (left hand)
 S - an amulet of the gourmand (around neck)
 T - an uncursed ring of invisibility
 V - a ring of protection from magic (right hand)
 Y - an uncursed ring of ice
Magical devices
 v - a wand of digging (6)
 X - a wand of frost (12)
 Z - a wand of enslavement (7)
Scrolls
 d - a scroll of holy word
 l - 2 scrolls of blinking
 m - a scroll of enchant weapon {unknown}
 n - a scroll of amnesia {unknown}
 o - 3 scrolls of enchant armour
 p - 4 scrolls of magic mapping
 u - a scroll of random uselessness {unknown}
 y - a scroll of immolation {unknown}
 z - 2 scrolls of teleportation {unknown}
 A - 5 scrolls of remove curse
 G - 2 scrolls of recharging {unknown}
 I - a scroll of fog {unknown}
 J - 2 scrolls of summoning
 P - 2 scrolls of fear {unknown}
 U - 2 scrolls of acquirement
Potions
 g - 4 potions of curing
 i - a potion of poison {unknown}
 k - a potion of ambrosia {unknown}
 w - 2 potions of haste {unknown}
 x - 2 potions of flight {unknown}
 C - 3 potions of might
 D - 2 potions of degeneration {unknown}
 E - 2 potions of berserk rage {unknown}
 K - 2 potions of resistance {unknown}
 R - a potion of lignification {unknown}
Miscellaneous
 r - a box of beasts {used: 2}
Comestibles
 e - 8 bread rations
 q - 8 meat rations
 t - 4 beef jerkies
 B - 2 fruits
 N - a royal jelly


   Skills:
 + Level 9.4 Fighting
 + Level 13.0 Axes
   Level 1.0(1.9) Slings
 + Level 2.8(3.0) Throwing
 + Level 8.7 Armour
 + Level 5.4 Dodging
 + Level 2.6 Stealth
   Level 3.1 Shields
 + Level 0.3 Invocations
 + Level 1.6 Evocations


You had 10 spell levels left.
You didn't know any spells.

Dungeon Overview and Level Annotations

Branches:
Dungeon (11/15)            Temple (0/1) D:7            Lair (1/8) D:10
    Orc (0/4) D:11

Altars:
Ashenzari
Dithmenos
Elyvilon
Fedhas
Gozag
Makhleb
Okawaru
Ru
Sif Muna
Trog
Zin
The Shining One

Shops:
D:5 }   D:10 :


Message History

* * * LOW HITPOINT WARNING * * *
Deactivating autopickup; reactivate with Ctrl-A.
There is a stone staircase leading down here.
Something hits you but does no damage.
You climb downwards.
A giant frog, a centaur, a hill giant and a crimson imp come into view.
The crimson imp shouts!
The giant frog croaks.
The centaur shouts!
Found a tubular granite ring and 2 scrolls labeled USIGOUPSAM.
Found a staircase to the Orcish Mines.
There is a stone staircase leading up here.
Blink to where?
Press: ? - help, Dir - move target cursor
Okay, then.
You can't go down here!
The centaur wields a shortbow.
The centaur shoots an arrow.
The arrow hits you but does no damage.
You climb upwards.
Something hits you but does no damage.
The seven-headed hydra barely misses you.
The seven-headed hydra bites you!
You die...

#...........PPP.P.P.PP
###########............PPP.P..PP
#........##.....#.....P.P.P.P.PP
###.####.##.#'#.#........P.PP.P.
#..........#......#+#.....PPPP.
#..#..#.######.#..# ##.P.....P.
#..#..#...........# #...P..P..
#..##########...#.#...+.......#
#...........#D@.#.#####.......#
##.#########.#.###.# #.......#
#.........#........# ###.......#
#########.#.##.##..# #.........#
#.#....#...# #.........#
#.#..#.#..## #.......###
#.#.......# #.......#
#.##.####.# #.......#
#.........# #.......###


You could see a seven-headed hydra.

Vanquished Creatures
  A death yak (D:9)
  A hill giant (D:8)
  Pikel (D:6)
  2 spiny frogs (Lair:1)
  Grinder (D:6)
  A hungry ghost (D:10)
  A deep elf mage (D:10)
  Menkaure (D:6)
  A slave (D:6)
  A wolf (D:9)
  2 porcupines (Lair:1)
  2 ice beasts (D:9)
  3 water moccasins (Lair:1)
  2 ogres
  2 black bears
  2 orc warriors (D:6)
  2 sky beasts
  A necrophage (D:10)
  A phantom (D:9)
  2 crocodiles
  A big kobold (D:7)
  4 centaurs
  6 giant frogs
  A scorpion (D:6)
  7 killer bees
  An electric eel (D:9)
  A jelly (D:8)
  A centaur skeleton (D:6)
  A centaur zombie (D:6)
  A crimson imp (D:10)
  A wyvern simulacrum (D:9)
  3 giant frog skeletons
  6 hounds
  4 iguanas
  8 orc wizards
  13 worker ants
  Natasha (D:2)
  4 sheep (Lair:1)
  2 hound skeletons
  6 gnolls
  6 river rats
  12 adders
  4 shadow imps
  A hound simulacrum (D:9)
  4 white imps (D:9)
  3 worms
  4 giant geckos
  25 orcs
  A ball python (D:1)
  13 bats
  3 giant cockroaches
  17 goblins
  18 hobgoblins
  8 jackals
  6 quokkas
  A giant gecko skeleton (D:4)
  7 giant newts
  A jackal skeleton (D:6)
  22 kobolds
  A quokka zombie (D:9)
  17 rats
276 creatures vanquished.

Vanquished Creatures (collateral kills)
  A hippogriff (Lair:1)
  A water moccasin (Lair:1)
  An ice beast (D:9)
  An ufetubus (D:9)
4 creatures vanquished.

Vanquished Creatures (others)
  A killer bee (D:10)
1 creature vanquished.

Grand Total: 281 creatures vanquished

Notes
Turn   | Place    | Note
--------------------------------------------------------------
     0 | D:1      | orochimarko the Hill Orc Gladiator began the quest for the Orb.
     0 | D:1      | Reached XP level 1. HP: 18/18 MP: 1/1
    74 | D:1      | Reached XP level 2. HP: 19/25 MP: 2/2
   490 | D:1      | Reached XP level 3. HP: 22/30 MP: 3/3
   919 | D:1      | Reached skill level 1 in Armour
  1003 | D:2      | Upgraded the game from 0.17-a0-1753-g75d4604 to 0.17-a0-1760-ga6756ae
  1083 | D:2      | Reached XP level 4. HP: 37/37 MP: 4/4
  1747 | D:2      | Reached skill level 5 in Axes
  1765 | D:2      | Noticed Natasha
  1775 | D:2      | Killed Natasha
  1812 | D:2      | Found a shattered altar of Ashenzari.
  1898 | D:2      | Reached XP level 5. HP: 45/45 MP: 5/5
  2121 | D:3      | Found a white marble altar of Elyvilon.
  2231 | D:3      | Found a white marble altar of Elyvilon.
  2928 | D:4      | Reached skill level 1 in Slings
  2938 | D:4      | Found a shadowy altar of Dithmenos.
  2953 | D:4      | Reached XP level 6. HP: 21/51 MP: 6/6
  3578 | D:4      | Reached skill level 6 in Axes
  4023 | D:4      | Found an opulent altar of Gozag.
  4235 | D:5      | Entered Level 5 of the Dungeon
  4245 | D:4      | Reached XP level 7. HP: 54/58 MP: 7/7
  4307 | D:5      | Found an iron altar of Okawaru.
  4418 | D:5      | Became a worshipper of Warmaster Okawaru
  4484 | D:5      | Found Suhurch's Gadget Emporium.
  4652 | D:5      | Found a blossoming altar of Fedhas.
  4669 | D:5      | Reached skill level 7 in Axes
  4810 | D:5      | Found a glowing silver altar of Zin.
  4810 | D:5      | Found a sacrificial altar of Ru.
  4813 | D:5      | Found a glowing golden altar of the Shining One.
  4995 | D:5      | Reached skill level 1 in Stealth
  5212 | D:5      | Reached XP level 8. HP: 65/67 MP: 8/8
  5354 | D:5      | Reached skill level 5 in Fighting
  5449 | D:6      | Noticed Menkaure
  5456 | D:6      | Killed Menkaure
  5604 | D:6      | Reached skill level 8 in Axes
  5624 | D:6      | Found a deep blue altar of Sif Muna.
  5633 | D:6      | Acquired Okawaru's first power
  5931 | D:6      | Found a deep blue altar of Sif Muna.
  5986 | D:6      | Reached skill level 5 in Dodging
  6046 | D:6      | Noticed Grinder
  6047 | D:6      | Paralysed by Grinder for 6 turns
  6064 | D:6      | Killed Grinder
  6064 | D:6      | Reached skill level 9 in Axes
  6064 | D:6      | Reached skill level 5 in Armour
  6064 | D:6      | Reached XP level 9. HP: 26/78 MP: 9/9
  6089 | D:6      | Noticed Pikel
  6125 | D:6      | Killed Pikel
  6127 | D:6      | Upgraded the game from 0.17-a0-1760-ga6756ae to 0.17-a0-1763-g847a857
  6546 | D:7      | Found a bloodstained altar of Trog.
  6733 | D:7      | Found a staircase to the Ecumenical Temple.
  6869 | D:7      | Reached skill level 10 in Axes
  8088 | D:8      | Noticed a hill giant
  8112 | D:8      | Killed a hill giant
  8112 | D:8      | Reached skill level 11 in Axes
  8112 | D:8      | Reached XP level 10. HP: 13/89 MP: 8/10
  8534 | D:9      | HP: 4/89 [killer bee (5)]
  9014 | D:9      | Found a burning altar of Makhleb.
  9074 | D:9      | Reached skill level 1 in Shields
  9785 | D:9      | Noticed a death yak
  9802 | D:9      | Killed a death yak
 10035 | D:10     | Entered Level 10 of the Dungeon
 10214 | D:10     | Reached skill level 12 in Axes
 10485 | D:10     | Identified 3 scrolls of acquirement
 10510 | D:10     | Found Soorivor's Book Emporium.
 10566 | D:10     | Found a staircase to the Lair.
 10740 | D:10     | Reached skill level 1 in Evocations
 11040 | Lair:1   | Entered Level 1 of the Lair of Beasts
 11227 | Lair:1   | Acquired Okawaru's second power
 11227 | Lair:1   | Reached XP level 11. HP: 83/97 MP: 11/11
 11464 | Lair:1   | Reached skill level 13 in Axes
 11669 | Lair:1   | Noticed a four-headed hydra
 11729 | Lair:1   | HP: 1/97 [seven-headed hydra (4)]
 11746 | D:10     | HP: 4/97 [something (1)]
 11748 | D:11     | Found a staircase to the Orcish Mines.
 11748 | D:11     | Noticed a hill giant
 11750 | D:10     | Mangled by a seven-headed hydra

Vault maps used:
D:1:      lemuel_arrival_rhombus
D:2:      ashenzari_conservatory_becter, serial_forest, infiniplex_forest_end_1,
          infiniplex_forest_clump_long, infiniplex_forest_clump_small,
          infiniplex_forest_straight_2, infiniplex_forest_end_3,
          infiniplex_forest_clump_tiny, infiniplex_forest_straight_2,
          uniq_natasha
D:3:      old_standard_altar, elyvilon_altar_5
D:4:      nicolae_gozag_cash_rules_everything_around_me,
          nicolae_dithmenos_the_darkroom, first_bread
D:5:      corexii_shantytown, old_standard_altar,
          nicolae_overflow_hidden_temple, serial_shops, nicolae_shop_trees
D:6:      kennysheep_orc_sif_temple, lemuel_crystal_altar, uniq_menkaure,
          uniq_grinder, uniq_pikel
D:7:      bloody_trog, temple_doors_e, hex_large
D:9:      basic_altar, serial_ice, serial_ice_l, serial_ice_n, serial_ice_m,
          serial_ice_o, serial_ice_e, serial_ice_g
D:10:     due_lair_maze_entry_diamond, serial_shops, nicolae_shop_waterfront
D:11:     hangedman_tell_no_tales

Action                   |  1- 3 |  4- 6 |  7- 9 | 10-12 || total
-------------------------+-------+-------+-------+-------++-------
Melee: War axe           |   103 |   200 |   476 |   173 ||   952
       Executioner's axe |       |       |       |    76 ||    76
 Fire: Hunting sling     |       |    26 |       |       ||    26
Throw: Stone             |     6 |       |       |       ||     6
       Throwing net      |     3 |     5 |    11 |       ||    19
Invok: Heroism           |       |       |     1 |       ||     1
Evoke: Wand              |       |       |       |    19 ||    19
       Box of beasts     |       |       |       |     2 ||     2
  Use: Scroll            |       |       |     6 |     9 ||    15
       Potion            |       |       |       |     2 ||     2
 Stab: Held in net/web   |       |     2 |     2 |       ||     4
       Sleeping          |       |       |     1 |       ||     1
  Eat: Chunk             |       |    10 |    19 |    16 ||    45
       Pizza             |       |       |       |     1 ||     1
